Map: 幽暗之塔

Players

Expect

  • Race: Terran Terran
  • League: Master

Rose (Python) - Winner!

  • Race: Zerg Zerg
  • League: Grandmaster

Event: 2016 WCS Winter Challenger Taiwan

VOD

Have the link to the VOD?

Description

Time

  • Played on: Jan. 15, 2016, 6:48 a.m.
  • Length: 10:06

All games in this series

Show
View Real Time Build Order
Export as new Build Order

Expect Terran 

Build Orders: Reaper Expand, MMM Bio, Banshee Rush 

Get SALT Encoding   

  12  0:01  SCV  
  13  0:13  SCV  
  14  0:18  Supply Depot  
  14  0:25  SCV  
  15  0:39  SCV  
  15  0:41  Barracks  
  16  0:46  Refinery  
  16  0:51  SCV  
  17  1:03  SCV  
  18  1:16  SCV  
  19  1:28  Orbital Command  
  19  1:29  Reaper  
  20  1:42  Command Center  
  20  1:54  SCV  
  20  1:55  Supply Depot  
  21  2:01  Marine  
  21  2:06  SCV  
  23  2:11  Factory  
  23  2:18  SCV  
  24  2:23  Barracks Reactor, Refinery  
  24  2:30  SCV  
  25  2:42  SCV  
  26  2:54  Orbital Command  
  26  2:55  SCV  
  27  3:03  Starport  
  27  3:08  SCV  
  27  3:10  Hellion x2, Barracks Tech Lab  
  32  3:20  SCV x2  
  32  3:23  Supply Depot  
  34  3:32  SCV x2, Hellion x2  
  40  3:37  Barracks Tech Lab  
  40  3:44  SCV x2  
  40  3:46  Supply Depot  
  42  3:48  Banshee  
  42  3:49  Cloaking Field  
  45  3:56  SCV  
  45  3:57  SCV  
  47  4:03  Factory Reactor  
  47  4:08  SCV  
  48  4:13  Command Center  
  48  4:14  SCV  
  49  4:20  SCV  
  49  4:21  Supply Depot  
  50  4:34  Banshee  
  50  4:36  SCV x2  
  50  4:37  Barracks x2  
  53  4:43  Engineering Bay  
  53  4:45  Engineering Bay  
  53  4:49  Stimpack, Marine  
  54  4:55  Factory Reactor, SCV x2  
  54  4:58  Refinery  
  54  4:59  Refinery  
  56  5:02  Supply Depot  
  56  5:15  Barracks x2, SCV x2  
  58  5:28  Marine x2, Orbital Command  
  57  5:32  SCV  
  57  5:35  Terran Infantry Weapons Level 1, Terran Infantry Armor Level 1  
  60  5:37  Supply Depot  
  60  5:38  Marine x3  
  63  5:46  Marine  
  63  5:47  SCV x2  
  63  5:49  Orbital Command  
  69  5:53  Medivac  
  69  5:54  Medivac  
  70  5:59  SCV x2  
  72  6:05  Barracks Reactor, Marine x5  
  72  6:07  Factory Reactor  
  72  6:09  Supply Depot  
  77  6:11  SCV x2  
  77  6:15  SCV  
  80  6:23  SCV, Marine x2  
  80  6:24  Barracks Reactor, Marauder, SCV, Marine x2  
  88  6:30  Armory  
  88  6:33  SCV  
  88  6:35  SCV  
  88  6:36  SCV  
  91  6:41  Marine x2  
  91  6:43  Marine x4  
  91  6:44  Widow Mine, Medivac x2  
  91  6:45  Marauder, Widow Mine  
  107  6:53  Supply Depot, Missile Turret  
  107  6:54  Supply Depot  
  107  6:57  Missile Turret  
  107  6:58  Supply Depot  
  107  6:59  Marine x2  
  109  7:07  Refinery  
  109  7:09  SCV x2, Marine  
  109  7:14  Widow Mine x2  
  109  7:15  SCV, Marine x3  
  117  7:16  Marauder  
  117  7:18  Marine x3  
  122  7:29  Marine x2  
  124  7:32  Supply Depot x2  
  124  7:34  SCV  
  124  7:36  Marine x4  
  126  7:37  Marauder  
  121  7:49  Barracks  
  121  7:50  Barracks  
  113  8:06  Marine  
  113  8:07  Marauder, Marine x5  
  121  8:17  Command Center  
  121  8:27  Widow Mine x2, Medivac  
  121  8:29  Marauder, Medivac  
  121  8:30  Marine x4  
  121  8:32  Marine  
  136  8:41  Barracks Tech Lab, Marine x3  
  136  8:43  Combat Shields  
  136  8:45  Marine  
  136  8:48  Marine x2  
  142  8:50  Marauder  
  144  9:00  Marine  
  144  9:01  Marauder, Marine x2  
  144  9:02  Widow Mine  
  149  9:03  Widow Mine  
  149  9:06  Marine  
  149  9:08  Command Center, Marine x4  
  149  9:09  Marauder  
  135  9:11  Marauder  
  117  9:18  Marine x2  
  117  9:19  Marine  
  117  9:22  Marine  
  105  9:24  Marine  
  105  9:26  Marine x4  
  105  9:30  Marauder, Widow Mine  
  108  9:31  Orbital Command  
  108  9:33  Marauder  
  108  9:36  Marine x3  
  106  9:40  Marauder  
  106  9:42  Marine  
  106  9:44  Marine x4  
Show
View Real Time Build Order
Export as new Build Order

Rose Zerg - Winner!

Build Orders: Hatch First 

Get SALT Encoding   

  12  0:00  Drone  
  13  0:08  Drone  
  14  0:17  Overlord  
  14  0:22  Extractor  
  14  0:23  Drone  
  15  0:35  Drone x2  
  17  0:52  Hatchery  
  17  0:54  Drone  
  17  1:08  Spawning Pool  
  16  1:11  Extractor  
  16  1:12  Drone  
  16  1:15  Drone  
  17  1:19  Drone  
  18  1:27  Drone  
  19  1:37  Overlord  
  19  1:55  Zergling x2, Queen  
  19  1:58  Zergling x2  
  23  2:03  Queen  
  23  2:04  Drone  
  26  2:09  Drone  
  27  2:15  Metabolic Boost  
  27  2:19  Drone  
  28  2:23  Drone  
  28  2:29  Drone  
  30  2:30  Queen  
  32  2:39  Drone x2  
  34  2:45  Overlord  
  34  2:48  Drone  
  34  2:56  Overlord  
  34  2:58  Drone  
  35  3:04  Overlord, Drone x2  
  37  3:09  Drone  
  38  3:14  Drone  
  38  3:17  Drone x2  
  41  3:22  Spore Crawler  
  41  3:23  Hatchery  
  41  3:24  Spore Crawler  
  41  3:26  Drone  
  39  3:28  Drone  
  39  3:31  Drone x2  
  42  3:38  Roach Warren  
  42  3:40  Drone, Extractor  
  41  3:42  Drone  
  41  3:46  Drone x2  
  44  3:49  Drone  
  44  3:50  Drone  
  44  3:53  Extractor  
  45  3:57  Zergling x2  
  45  3:59  Zergling x6  
  49  4:08  Queen  
  49  4:09  Overlord  
  51  4:21  Drone x2  
  55  4:31  Roach x3  
  55  4:35  Overlord  
  55  4:38  Drone, Queen  
  61  4:40  Drone x2  
  64  4:46  Lair  
  64  4:47  Drone  
  64  4:48  Drone x2  
  67  4:57  Drone  
  67  4:58  Overlord  
  67  4:59  Drone x2  
  70  5:02  Spore Crawler  
  69  5:07  Drone x2  
  69  5:08  Drone  
  69  5:12  Evolution Chamber  
  69  5:14  Extractor  
  70  5:15  Evolution Chamber  
  70  5:16  Drone  
  70  5:17  Drone x3  
  70  5:18  Overlord  
  71  5:29  Drone  
  71  5:30  Drone x2  
  74  5:39  Zerg Missile Weapons Level 1, Drone  
  74  5:42  Drone x4  
  79  5:43  Drone x2  
  79  5:44  Glial Reconstitution  
  79  5:46  Zerg Ground Armor Level 1  
  79  5:47  Overlord, Drone  
  79  5:48  Drone x2  
  84  5:51  Ravager x2  
  84  5:52  Ravager  
  87  6:00  Overseer  
  86  6:06  Extractor x2  
  86  6:09  Drone x6  
  86  6:11  Drone  
  88  6:22  Overlord  
  88  6:32  Overlord x3  
  88  6:33  Roach x3  
  88  6:34  Roach x5  
  104  6:45  Drone x3  
  104  6:46  Drone  
  108  6:55  Queen  
  108  6:59  Overlord  
  110  7:01  Roach  
  110  7:02  Roach x5  
  110  7:03  Overlord  
  110  7:05  Ravager, Roach  
  110  7:08  Roach x2  
  129  7:13  Overlord x2  
  129  7:20  Hatchery  
  129  7:21  Roach x3  
  134  7:23  Ravager x2  
  134  7:24  Ravager x2  
  134  7:28  Pneumatized Carapace  
  134  7:29  Overlord  
  138  7:31  Roach  
  138  7:32  Roach x4  
  148  7:42  Roach x2  
  152  7:44  Overlord x2, Zerg Missile Weapons Level 2, Zerg Ground Armor Level 2  
  148  8:02  Roach  
  148  8:03  Roach x10  
  167  8:20  Roach x6  
  167  8:21  Overlord x2  
  177  8:30  Overlord x2  
  177  8:41  Overlord x2  
  177  8:44  Ravager x4  
  177  8:45  Ravager, Roach  
  177  8:46  Roach x4  
  177  8:47  Hatchery  
  191  8:55  Roach x4  
  199  8:57  Overlord  
  193  9:16  Roach x8  
  199  9:19  Roach x3  
  190  9:38  Roach  
  190  9:39  Roach x3  
Tags
 
Add a new tag
Caveats
  • Supply blocks, unpowered buildings, or Contaminate may cause inaccurate times.
  • Supply counts are checked every 10 seconds.